 Dungeon Crawl Stone Soup version 0.29.0-11-gd7f09526c8 (webtiles) character file.

Game seed: 16141519933572185483

899 greenreed the Digger (level 7, -5/56 HPs)
             Began as a White Draconian Earth Elementalist on Sept 5, 2022.
             Slain by a gnoll sergeant
             ... wielding a +0 spear of venom
              (7 damage)
             ... on level 5 of the Dungeon.
             The game lasted 00:12:25 (5191 turns).

greenreed the Digger (DrEE)                         Turns: 5191, Time: 00:12:26

Health: -5/56      AC:  6    Str: 10    XL:     7   Next: 79%
Magic:  4/14       EV: 12    Int: 18    God:
Gold:   195        SH:  0    Dex: 11    Spells: 10/16 levels left

rFire   + . .      SeeInvis .   t - staff of earth
rCold   + . .      Faith    .   (no shield)
rNeg    . . .      Spirit   .   (body armour unavailable)
rPois   .          Reflect  .   (helmet restricted)
rElec   .          Harm     .   (no cloak)
rCorr   .          Rampage  .   (no gloves)
Will    .....                   (no boots)
Stlth   ++........              s - amulet of magic regeneration
HPRegen 0.18/turn               h - ring of protection from fire
MPRegen 0.54/turn               (no ring)

@: lethally poisoned (-5 -> -20), short of breath
A: breathe frost, AC +6, unfitting armour, cold resistance 1, cold-blooded
a: Breathe Frost


You were on level 5 of the Dungeon.
You visited 1 branch of the dungeon, and saw 5 of its levels.

You collected 417 gold pieces.
You spent 222 gold pieces at shops.

Inventory:

Hand Weapons
 f - a +2 short sword of draining
 n - a +1 vampiric whip
 r - a +0 mace of holy wrath
Missiles
 w - 13 poisoned darts
 z - 3 throwing nets
Armour
 i - a scarf of harm
Magical Staves
 t - a staff of earth (weapon)
Jewellery
 h - a ring of protection from fire (left hand)
 j - an amulet of reflection
 s - an amulet of magic regeneration (around neck)
Wands
 b - a wand of light (8)
 y - a wand of digging (4)
Scrolls
 e - 4 scrolls of poison
 k - 2 scrolls of teleportation
 l - a scroll of amnesia
 m - 2 scrolls of blinking
 o - a scroll of immolation {unknown}
 x - a scroll of enchant weapon
 A - a scroll of silence
 B - a scroll of vulnerability
Potions
 a - a potion of magic
 d - 3 potions of degeneration
 g - a potion of ambrosia {unknown}
 p - 2 potions of mutation
 q - a potion of flight {unknown}
 u - a potion of brilliance {unknown}
 v - a potion of resistance {unknown}


   Skills:
 * Level 2.4 Fighting
 + Level 2.3 Dodging
 + Level 2.2 Stealth
 * Level 5.1 Spellcasting
 + Level 1.0 Transmutations
 * Level 6.9 Earth Magic


You had 10 spell levels left.
You knew the following spells:

 Your Spells              Type           Power      Damage    Failure   Level
a - Sandblast             Erth           88%        2d18      1%          1
b - Passwall              Tmut/Erth      23%        N/A       3%          2
c - Stone Arrow           Conj/Erth      50%        3d10      10%         3

Your spell library contained the following spells:

 Spells                   Type           Power      Damage    Failure   Level
 Ensorcelled Hibernation  Hex/Ice        8%         N/A       21%         2
 Petrify                  Tmut/Erth      28%        N/A       26%         4
 Spider Form              Tmut/Pois      6%         N/A       32%         3
 Anguish                  Hex/Necr       2%         N/A       78%         4
 Summon Lightning Spire   Summ/Air       4%         N/A       78%         4
 Malign Gateway           Summ/Tloc      2%         N/A       100%        7
 Storm Form               Tmut/Air       3%         N/A       100%        7
 Maxwell's Capacitive Co  Air            2%         ∞         100%        8
 Summon Horrible Things   Summ           2%         N/A       100%        8


Dungeon Overview and Level Annotations

Branches:
Dungeon (5/15)
 Temple: D:4-7

Altars:
Dithmenos
Sif Muna
Xom

Shops:
D:2 ?   D:5 ?

Annotations:
D:5 2 transporters, xian's ghost, novice DECj


Innate Abilities, Weirdness & Mutations

You can breathe waves of freezing cold which knock back foes.
Your icy white scales are hard. (AC +6)
You cannot fit into any form of body armour.
Your flesh is cold resistant. (rC+)
You are cold-blooded and may be slowed by cold attacks.


Message History

Unknown command.
Unknown command.
You feel better. The gnoll sergeant closely misses you.
Casting: Stone Arrow (dangerous; 10% risk of failure)
Confirm with . or Enter, or press ? or * to list all spells.
Aiming: Stone Arrow (dangerous; 10% risk of failure)
Press: ? - help, Shift-Dir - straight line, f/p - gnoll sergeant
Aim: a gnoll sergeant, wielding a +0 spear of venom, wearing a +0 ring mail and wearing a +0 kite shield (heavily wounded, 83% to hit)
You feel a surge of power!
The gnoll sergeant blocks the stone arrow.
The gnoll sergeant hits you from afar with a +0 spear of venom.
* * * LOW HITPOINT WARNING * * *
You are lethally poisoned!
You feel better.
The gnoll sergeant hits you from afar with a +0 spear of venom.
* * * LOW HITPOINT WARNING * * *
You are lethally poisoned!
Casting: Stone Arrow (dangerous; 10% risk of failure)
Confirm with . or Enter, or press ? or * to list all spells.
Aiming: Stone Arrow (dangerous; 10% risk of failure)
Press: ? - help, Shift-Dir - straight line, f/p - gnoll sergeant
Aim: a gnoll sergeant, wielding a +0 spear of venom, wearing a +0 ring mail and wearing a +0 kite shield (heavily wounded, 83% to hit)
You feel a surge of power!
The stone arrow hits the gnoll sergeant!
The gnoll sergeant is almost dead.
* * * LOW HITPOINT WARNING * * *
You feel very sick.
The gnoll sergeant hits you but does no damage.
You are more poisoned.
Casting: Stone Arrow (dangerous; 10% risk of failure)
Confirm with . or Enter, or press ? or * to list all spells.
Aiming: Stone Arrow (dangerous; 10% risk of failure)
Press: ? - help, Shift-Dir - straight line, f/p - gnoll sergeant
Aim: a gnoll sergeant, wielding a +0 spear of venom, wearing a +0 ring mail and wearing a +0 kite shield (almost dead, 83% to hit)
You feel a surge of power!
The gnoll sergeant blocks the stone arrow.
* * * LOW HITPOINT WARNING * * *
You feel very sick.
The gnoll sergeant hits you from afar with a +0 spear of venom!
You die...

........####.©.####..
#.....
##.####.............#
..#.### ##.#
#######.####### #.#.#
...# #..# #### ##.#
#.## . #..# ...
##.####...##
#.@)g).....
####....... .......
#....?# .....# ...#.#
#.# # .#


You could see a gnoll sergeant.

Vanquished Creatures
  Sigmund (D:5)
  A centaur (D:5)
  A phantom (D:5)
  4 hounds
  2 jellies
  3 orc priests (D:5)
  An orc wizard (D:5)
  An adder (D:4)
  11 gnolls
  A white imp (D:5)
  2 worms
  2 dart slugs
  11 orcs
  8 ball pythons
  8 endoplasms
  A giant cockroach (D:1)
  34 goblins
  32 hobgoblins
  6 jackals
  4 bats
  7 frilled lizards (D:1)
  14 kobolds
  4 rats
159 creatures vanquished.

Notes
Turn   | Place    | Note
-------+----------+-------------------------------------------
     0 | D:1      | greenreed the Draconian Earth Elementalist began the quest
                  | for the Orb.
     0 | D:1      | Reached XP level 1. HP: 14/14 MP: 3/3
   301 | D:1      | Found a faded altar of an unknown god.
   349 | D:1      | Reached XP level 2. HP: 20/20 MP: 3/5
   901 | D:1      | Reached XP level 3. HP: 26/26 MP: 4/6
  1336 | D:2      | Found Untosolen's Magic Scroll Shop.
  1379 | D:2      | Bought a scroll of poison for 40 gold pieces
  1379 | D:2      | Bought a scroll of teleportation for 30 gold pieces
  1379 | D:2      | Bought a scroll of identify for 20 gold pieces
  1409 | D:2      | Learned a level 2 spell: Passwall
  1413 | D:2      | Learned a level 3 spell: Stone Arrow
  2089 | D:3      | Reached skill level 4 in Earth Magic
  2298 | D:3      | Reached XP level 4. HP: 34/34 MP: 5/7
  2399 | D:3      | Found a shimmering blue altar of Sif Muna.
  2399 | D:3      | Found a shadowy altar of Dithmenos.
  2400 | D:3      | Found a shimmering altar of Xom.
  3019 | D:4      | Identified the +2 pair of boots "Fotexew" {-Cast rElec
                  | Will+ Str+3}
  3131 | D:4      | Reached skill level 1 in Fighting
  3194 | D:4      | Reached XP level 5. HP: 29/40 MP: 9/9
  3547 | D:4      | Reached skill level 5 in Earth Magic
  3721 | D:4      | Reached XP level 6. HP: 44/47 MP: 11/11
  4473 | D:5      | Entered Level 5 of the Dungeon
  4477 | D:5      | Noticed xian's ghost (novice DECj)
  4600 | D:5      | Reached skill level 6 in Earth Magic
  4607 | D:5      | Your scales start taking on an icy white colour.
  4607 | D:5      | Reached XP level 7. HP: 41/55 MP: 11/13
  4607 | D:5      | Gained mutation: Your flesh is cold resistant. (rC+) [White
                  | Draconian growth]
  5046 | D:5      | Found a transporter.
  5065 | D:5      | Noticed Sigmund
  5066 | D:5      | Killed Sigmund
  5067 | D:5      | Reached skill level 5 in Spellcasting
  5095 | D:5      | Found Minathem's Magic Scroll Shoppe.
  5098 | D:5      | Bought a scroll of identify for 22 gold pieces
  5098 | D:5      | Bought 2 scrolls of identify for 44 gold pieces
  5098 | D:5      | Bought a scroll of identify for 22 gold pieces
  5135 | D:5      | Found a transporter.
  5149 | D:5      | Bought a scroll of vulnerability for 44 gold pieces
  5186 | D:5      | HP: 2/56 [gnoll sergeant/+0 spear of venom (2)]
  5191 | D:5      | HP: 2/56 [poisoned by a gnoll sergeant]
  5191 | D:5      | Slain by a gnoll sergeant

Illustrated notes

Levels and vault maps discovered:
D:1:      reono_arrival_forest_river, layout_basic,
          shapermc_ecumenical_altar_notcrosses, minivault_23, dk_noncrumbling_4,
          minmay_ruptured
D:2:      layout_loops_cross, serial_shops, nicolae_shop_hallway_plus
D:3:      layout_loops_cross, gammafunk_temple_overflow_claw, minivault_24
D:4:      minmay_goblin_kobold_castle, layout_loops_corners,
          serial_bayou_crossing
D:5:      layout_loops_cross, serial_shops, kennysheep_mini,
          gammafunk_ghost_stat_death, st_stairs_4, uniq_sigmund

Skill      XL: |  1  2  3  4  5  6  7 |
---------------+----------------------+-----
Stealth        | 2 |  2.2
Dodging        | 2 |  2.3
Earth Magic    | 4 5 6 |  6.9
Spellcasting   | 3 4 5 |  5.1
Fighting       | 1 2 |  2.4
Transmutations | |  1.0

Action                   |  1- 3 |  4- 6 |  7- 9 || total
-------------------------+-------+-------+-------++-------
Melee: Unarmed           |    15 |       |       ||    15
       Tailslap          |     1 |       |       ||     1
       Short sword       |     1 |       |       ||     1
       Staff             |       |     1 |       ||     1
 Cast: Sandblast         |    70 |   130 |    22 ||   222
       Stone Arrow       |       |       |     5 ||     5
 Abil: Breathe Frost     |       |       |     1 ||     1
  Use: Scroll            |     1 |     3 |     4 ||     8
       Potion            |       |       |     2 ||     2
Armor: Skin              |     9 |    21 |     3 ||    33
Dodge: Dodged            |    20 |    66 |     9 ||    95
